 Dungeon Crawl Stone Soup version 0.18.1-48-g4cf74bf (webtiles) character file.

369 Joat the Vandal (level 6, -2/43 HPs)
             Began as a Demonspawn Wanderer on July 30, 2016.
             Slain by Pikel
             ... wielding a +2 whip of electrocution
              (20 damage)
             ... on level 3 of the Dungeon.
             The game lasted 00:36:38 (4449 turns).

Joat the Vandal (Demonspawn Wanderer)               Turns: 4449, Time: 00:36:38

Health: -2/43      AC:  8    Str: 20    XL:     6   Next: 41%
Magic:  9/9        EV: 10    Int: 13    God:
Gold:   122        SH:  0    Dex: 12    Spells: 1 memorised, 8 levels left

rFire  . . .     SeeInvis .     b - +0 hunting sling
rCold  . . .     Gourm    .     j - +0 chain mail (curse)
rNeg   + . .     Faith    .     (no shield)
rPois  .         Spirit   .     (no helmet)
rElec  .         Dismiss  .     (no cloak)
rCorr  .         Reflect  .     (no gloves)
SustAt .         Harm     +     (no boots)
MR     .....                    g - amulet of harm
Stlth  ..........               A - +3 ring of evasion
                                y - ring of positive energy

@: mighty, not resistant to hostile enchantments, extremely unstealthy
A: hooves 1, demonic guardian 1, powered by pain 1
a: no special abilities


You were on level 3 of the Dungeon.
You were not hungry.

You visited 1 branch of the dungeon, and saw 4 of its levels.

You collected 122 gold pieces.

Inventory:

Hand Weapons
 a - a +2 spear
 b - a +0 hunting sling (weapon)
 h - a +2 dagger of speed
 C - a +1 dagger of protection
Missiles
 e - 110 stones
 k - 45 bolts
 m - 14 sling bullets (quivered)
 o - 6 curare-tipped needles
 w - 13 poisoned needles
 x - 56 arrows
 D - 5 javelins
Armour
 j - a cursed +0 chain mail (worn)
Jewellery
 g - an amulet of harm (around neck)
 y - a ring of positive energy (left hand)
 A - a +3 ring of evasion (right hand)
Scrolls
 n - 3 scrolls of identify
 B - a scroll of teleportation
Potions
 d - 2 potions of cancellation {unknown}
 l - 2 potions of degeneration
 p - 2 potions of brilliance {unknown}
 r - a potion of magic {unknown}
 s - a potion of might {unknown}
 t - a potion of ambrosia {unknown}
 z - a potion of flight {unknown}
 F - a potion of lignification
Books
 c - Sif Muna's Disquisition on Changing

   Spells                             Type                      Level
   a - Beastly Appendage              Transmutation                1
   b - Ignite Poison                  Fire/Transmutation/Poison    3
Comestibles
 f - 3 bread rations
 i - 4 chunks of flesh
 u - a meat ration


   Skills:
 - Level 1.0 Fighting
 - Level 3.5 Polearms
 + Level 4.2(4.4) Slings
 - Level 1.6(3.2) Throwing
 - Level 1.7 Stealth
   Level 1.0 Shields
 - Level 2.0 Spellcasting
 - Level 2.6 Transmutations


You had 8 spell levels left.
You knew the following spells:

 Your Spells              Type           Power        Failure   Level  Hunger
a - Beastly Appendage     Trmt           #.....       92%         1    ##.....


Dungeon Overview and Level Annotations

Branches:
Dungeon (4/15)
 Temple: D:4-7

Altars:
Sif Muna

Annotations:
D:3 Pikel


Innate Abilities, Weirdness & Mutations

You have large cloven feet.
A weak demonic guardian rushes to your aid.
You sometimes gain a little power by taking damage.


Message History

The howler monkey bites you but does no damage.
The slave hits your iron imp. Pikel hits you but does no damage.
You are electrocuted!
The slave barely misses you.
There is a stone staircase leading up here.
The howler monkey hits you but does no damage.
The howler monkey bites you but does no damage.
The slave hits your iron imp but does no damage.
Pikel hits you but does no damage.
You are electrocuted!
You focus on the pain.
You feel very mighty all of a sudden. The slave barely misses you.
The howler monkey hits you but does no damage.
The howler monkey barely misses you.
You climb upwards.
There is a stone staircase leading down here.
The slave barely misses you.
The howler monkey hoots and howls with incredible vigour!
You hear a shout!
Pikel hits you with a whip of electrocution.
You are electrocuted!
You die...

.# #..##..###########.# .#
##.##..# #.# .# #..#..#
########.# .# ##.#..# #.....##.#
.# #.#..# ##.....##.# ## #.#..#
#......##.# # #.#..# ##.#.####.#
# ##### #..[.####.#.# #.# # #...#
##@..#....#.# #.#
#######...######.K.#.####.# #.#
#...............p>........# #.#
########..#######h.#.###### #.#
#####..#### #..#.# #.#
.≈..#8..### #..#.#########.##
>≈..'._...#### #..#.............
.≈..#8..#....####..###########.##
#####..##..........# #.##


You could see Pikel, a slave and a howler monkey.

Vanquished Creatures
  A slave (D:3)
  The ghost of Situis the Firebug, an amateur DsFE (D:3)
  An orc priest (D:3)
  3 orc wizards (D:3)
  4 adders
  6 worms
  3 dart slugs
  A giant gecko (D:1)
  3 orcs (D:3)
  A ball python (D:1)
  8 giant cockroaches
  22 goblins
  5 hobgoblins
  6 jackals
  6 kobolds
  4 quokkas
  10 bats
  3 giant newts
  7 rats
95 creatures vanquished.

Vanquished Creatures (collateral kills)
  Ijyb (D:2)
  2 orcs (D:3)
3 creatures vanquished.

Vanquished Creatures (others)
  An ooze (D:1)
1 creature vanquished.

Grand Total: 99 creatures vanquished

Notes
Turn   | Place    | Note
--------------------------------------------------------------
     0 | D:1      | Joat the Demonspawn Wanderer began the quest for the Orb.
     0 | D:1      | Joat set off with: a +2 spear, a potion of lignification, Sif Muna's Disquisition on Changing, a +0 robe, a +0 dagger, a bread ration
     0 | D:1      | Reached XP level 1. HP: 15/15 MP: 3/3
     3 | D:1      | Learned a level 1 spell: Beastly Appendage
     6 | D:1      | Noticed an electric eel
     6 | D:1      | Noticed an electric eel
   214 | D:1      | Gained mutation: You sometimes gain a little power by taking damage. [demonic ancestry]
   214 | D:1      | Reached XP level 2. HP: 6/21 MP: 5/5
   897 | D:1      | Gained mutation: You have large cloven feet. [demonic ancestry]
   897 | D:1      | Reached XP level 3. HP: 26/26 MP: 6/6
  1674 | D:2      | Gained mutation: A weak demonic guardian rushes to your aid. [demonic ancestry]
  1674 | D:2      | Reached XP level 4. HP: 32/32 MP: 7/7
  2006 | D:2      | Reached skill level 1 in Throwing
  2263 | D:2      | Noticed Ijyb
  2273 | D:2      | Killed Ijyb
  2273 | D:2      | Reached skill level 1 in Slings
  2903 | D:3      | Reached XP level 5. HP: 37/37 MP: 8/8
  2978 | D:3      | Noticed Situis's ghost (amateur DsFE)
  2983 | D:3      | Reached skill level 2 in Slings
  3007 | D:3      | Killed Situis's ghost
  3007 | D:3      | Reached skill level 3 in Slings
  3501 | D:3      | Reached XP level 6. HP: 25/43 MP: 9/9
  3855 | D:3      | Found a deep blue altar of Sif Muna.
  4243 | D:3      | Reached skill level 4 in Slings
  4366 | D:4      | Noticed Pikel
  4366 | D:4      | Noticed a slave
  4366 | D:4      | Noticed a slave
  4366 | D:4      | Noticed a slave
  4366 | D:4      | Noticed a slave
  4380 | D:3      | Killed a slave
  4449 | D:3      | Slain by Pikel

Skill      XL: |  1  2  3  4  5  6 |
---------------+-------------------+-----
Polearms       | 2 3 |  3.5
Throwing       | 1 |  1.6
Slings         | 1 3 4 |  4.2
Fighting       | |  1.0
Stealth        | |  1.7
Shields        | |  1.0
Spellcasting   | |  2.0
Transmutations | |  2.6

Action                   |  1- 3 |  4- 6 || total
-------------------------+-------+-------++-------
Melee: Spear             |   112 |    50 ||   162
       Kick              |    11 |    11 ||    22
 Fire: Hunting sling     |       |   172 ||   172
Throw: Stone             |    14 |    37 ||    51
       Javelin           |    12 |     9 ||    21
 Cast: Beastly Appendage |     6 |       ||     6
  Use: Scroll            |     2 |     7 ||     9
 Stab: Distracted        |     1 |       ||     1
  Eat: Chunk             |     3 |     4 ||     7
       Beef jerky        |       |     1 ||     1
       Meat ration       |       |     1 ||     1
       Pizza             |       |     1 ||     1
Armor: Robe              |     7 |       ||     7
       Scale mail        |    22 |    76 ||    98
       Chain mail        |       |    11 ||    11
Dodge: Dodged            |    50 |    63 ||   113
